Map: Tours du crépuscule (3.2.2 équilibrage v1.3)

Players

zidar - Winner!

  • Race: Zerg Zerg
  • League: Gold
  • Spawn Location: 1:00

VOD

Have the link to the VOD?

Description

Time

  • Played on: May 18, 2016, 2:40 p.m.
  • Length: 9:38
Show
View Real Time Build Order
Export as new Build Order

zidar Zerg - Winner!

Build Orders: 1 Base Baneling Bust, Pool First 

Get SALT Encoding   

  12  0:03  Drone  
  12  0:19  Overlord, Drone  
  12  0:24  Extractor  
  12  0:32  Evolution Chamber  
  12  0:40  Extractor  
  12  0:49  Extractor  
  12  1:00  Spawning Pool  
  12  1:07  Drone x3  
  12  1:16  Extractor  
  12  1:21  Drone  
  12  1:22  Overlord  
  12  1:48  Zergling x4  
  12  1:58  Zergling x2  
  12  2:01  Queen  
  12  2:04  Zergling x2  
  12  3:00  Pneumatized Carapace  
  12  3:24  Overlord  
  12  3:25  Overlord  
  12  3:26  Overlord x2  
  12  3:27  Overlord x2  
  12  4:17  Baneling Nest  
  12  4:28  Drone  
  12  4:33  Hatchery  
  12  5:11  Lair  
  12  5:14  Baneling  
  12  5:15  Baneling x4  
  12  8:19  Centrifical Hooks  
  12  8:32  Queen  
Tags
 
Add a new tag
Caveats
  • Supply blocks, unpowered buildings, or Contaminate may cause inaccurate times.
  • Supply counts are checked every 10 seconds.